 Dungeon Crawl Stone Soup version 0.31.0-11-ge490571c62 (webtiles) character file.

Game seed: 16954092639171865931

14 mopl the Caller (level 2, -10/15 HPs)
             Began as a Tengu Summoner on Feb 7, 2024.
             Mangled by a gnoll
             ... wielding a +0 flail
              (11 damage)
             ... on level 1 of the Dungeon.
             The game lasted 00:01:07 (327 turns).

mopl the Caller (Tengu Summoner)                     Turns: 327, Time: 00:01:08

Health: -10/15     AC:  2    Str:  8    XL:     2   Next: 45%
Magic:  4/6        EV: 12    Int: 15    God:
Gold:   25         SH:  0    Dex: 14    Spells: 2/5 levels left

rFire   . . .        a - +0 spear
rCold   + . .        (no shield)
rNeg    . . .        c - +0 robe
rPois   .            (helmet restricted)
rElec   .            (no cloak)
rCorr   .            (no gloves)
SInv    .            (boots unavailable)
Will    .....        (no amulet)
Stlth   ++           e - ring of protection from cold
HPRegen 0.22/turn    (no ring)
MPRegen 0.10/turn

%: acrobat
@: no status effects
A: beak, talons 3, acrobatic
a: no special abilities


You were on level 1 of the Dungeon.
You visited 1 branch of the dungeon, and saw 1 of its levels.

You collected 25 gold pieces.

Inventory:

Hand Weapons
 a - a +0 spear (weapon)
Missiles
 g - 2 poisoned darts
Armour
 c - a +0 robe (worn)
 i - a +0 pair of gloves
Jewellery
 e - a ring of protection from cold (left hand)
Scrolls
 f - a scroll of teleportation {unknown}
 h - a scroll of fog {unknown}
Potions
 b - a potion of magic
 d - a potion of cancellation {unknown}
 j - a potion of heal wounds {unknown}
 k - a potion of curing {unknown}


   Skills:
 + Level 0.5 Polearms
 - Level 2.1 Dodging
 - Level 2.0 Stealth
 * Level 2.3 Spellcasting
 * Level 5.1 Summonings


You had 2 spell levels left.
You knew the following spells:

 Your Spells              Type           Power      Damage    Failure   Level
a - Summon Small Mammal   Summ           68%        N/A       2%          1
b - Call Imp              Summ           34%        N/A       3%          2

Your spell library contained the following spells:

 Spells                   Type           Power      Damage    Failure   Level
 Magic Dart               Conj           4%         1d3       22%         1
 Searing Ray              Conj           2%         2d4       32%         2
 Call Canine Familiar     Summ           17%        N/A       8%          3
 Summon Blazeheart Golem  Fire/Summ      9%         N/A       58%         4
 Summon Lightning Spire   Summ/Air       9%         N/A       58%         4
 Fulminant Prism          Conj/Alch      0%         3d5       91%         4


Dungeon Overview and Level Annotations

Branches:
Dungeon (1/15)

Altars:


Innate Abilities, Weirdness & Mutations

You have a beak for a mouth.
You have claws for feet.
You can magically evade attacks while moving or waiting.


Message History

k - a pink potion You see here a quokka corpse.
A gnoll comes into view. It is wielding a +0 flail.
A gnoll is nearby!
Found 7 gold pieces.
Cast which spell? (? or * to list)
A tiny devil pulls itself out of the air.
The gnoll shouts!
Your cerulean imp barely misses the gnoll.
You reach to attack!
You hit the gnoll.
The gnoll is moderately wounded.
The gnoll hits your cerulean imp with a +0 flail.
Your cerulean imp hits the gnoll with a -3 spear.
You reach to attack!
You hit the gnoll.
The gnoll is almost dead.
The gnoll barely misses your cerulean imp.
Your cerulean imp misses the gnoll.
You could not reach far enough!
The gnoll hits your cerulean imp with a +0 flail!
Your cerulean imp dies!
Your cerulean imp disappears in a puff of smoke!
You reach to attack!
You barely miss the gnoll.
The gnoll is almost dead.
You hit the gnoll but do no damage.
The gnoll is almost dead.
The gnoll hits you with a +0 flail!
Ouch! That really hurt!
The gnoll barely misses you.
You are too injured to fight recklessly!
You are too injured to fight recklessly!
You are too injured to fight recklessly!
You closely miss the gnoll. Your kick misses the gnoll.
The gnoll is almost dead.
The gnoll hits you with a +0 flail.
* * * LOW HITPOINT WARNING * * *
You barely miss the gnoll. Your kick misses the gnoll.
The gnoll is almost dead.
The gnoll hits you with a +0 flail!
Ouch! That really hurt!
You die...

........# ........#
........# ........#
## ........# ###
###.# ........# #.[
.... ......?g#
######.##..#
.......@###...#...#.#
....$...............#
.####.#.............#
.......#.....>.....#
#####.##.......)...#
#. ##...†.....## #.
###.......##
#.##......#### ..
..........##


You could see a gnoll.

Vanquished Creatures
  A dart slug (D:1)
  An endoplasm (D:1)
  A giant cockroach (D:1)
  A hobgoblin (D:1)
  A quokka (D:1)
  3 ball pythons (D:1)
  2 bats (D:1)
  A frilled lizard (D:1)
  A kobold (D:1)
  A rat (D:1)
13 creatures vanquished.

Notes
Turn   | Place    | Note
-------+----------+-------------------------------------------
     0 | D:1      | mopl the Tengu Summoner began the quest for the Orb.
     0 | D:1      | Reached XP level 1. HP: 10/10 MP: 4/4
   238 | D:1      | Reached skill level 5 in Summonings
   243 | D:1      | Reached XP level 2. HP: 15/15 MP: 6/6
   249 | D:1      | Learned a level 2 spell: Call Imp
   327 | D:1      | Mangled by a gnoll

Illustrated notes

Levels and vault maps discovered:
D:1:      dpeg_arrival_rhombus, layout_rooms, minmay_tetromino_o2

Skill      XL: |  1 |
---------------+----+-----
Summonings     | 5 |  5.1
Polearms       | |  0.5
Dodging        | |  2.1
Stealth        | |  2.0
Spellcasting   | |  2.3

Action                     || total
---------------------------++-------
  Melee: Spear             ||    38
         Unarmed           ||    13
         Kick              ||     9
         Peck              ||     8
   Cast: Call Imp          ||     1
   Stab: Sleeping          ||     3
 Armour: Robe              ||    20
  Dodge: Dodged            ||    31
